 Dungeon Crawl Stone Soup version 0.14-a0-3405-g7f0333e (webtiles) character file.

355 Kae the Ruinous (level 5, -14/28 HPs)
             Began as a Tengu Fire Elementalist on Mar 21, 2014.
             Demolished by an ogre
             ... wielding a +0,+0 giant spiked club
              (25 damage)
             ... on Level 4 of the Dungeon.
             The game lasted 00:05:15 (3397 turns).

Kae the Ruinous (Tengu Fire Elementalist)           Turns: 3397, Time: 00:05:15

HP -14/28        AC  3     Str 13      XL: 5   Next: 84%
MP   1/11        EV 12     Int 16      God:
Gold 149         SH  0     Dex 14      Spells:  3 memorised,  3 levels left

rFire  + . .     SeeInvis .     w - +3,+1 spear (chaos)
rCold  . . .     Clarity  .     a - +1 robe
rNeg   . . .     Conserve .     (no shield)
rPois  .         rCorr    .     (helmet restricted)
rElec  .         rRot     .     (no cloak)
SustAb . .       Spirit   .     (no gloves)
rMut   .         Warding  .     (boots unavailable)
Saprov . . .     Stasis   .     (no amulet)
MR     .....                    u - ring of protection from fire
                                p - +4 ring of strength

@: very slightly contaminated, not resistant to hostile enchantments, fairly
stealthy
A: able to fly, beak, talons 3
a: Fly


You were on level 4 of the Dungeon.
You were not hungry.

You visited 1 branch of the dungeon, and saw 4 of its levels.

You collected 149 gold pieces.

Inventory:

Hand weapons
 t - a -3,-1 spear
 w - a +3,+1 spear of chaos (weapon)
Armour
 a - a +1 robe (worn)
Comestibles
 c - 3 bread rations
 m - a chunk of jackal flesh
Scrolls
 d - 4 scrolls of identify
 e - a scroll of recharging
 h - 2 scrolls of fog
 j - a scroll of teleportation
 l - 3 scrolls of remove curse
 o - a scroll of enchant weapon II {unknown}
Jewellery
 n - an uncursed amulet of rage {unknown}
 p - a +4 ring of strength (left hand)
 u - a ring of protection from fire (right hand)
Potions
 f - 3 potions of curing
 g - 3 potions of haste
 i - 2 potions of restore abilities
 k - a potion of lignification {unknown}
 q - a potion of heal wounds
Books
 b - a book of Flames

   Spells                             Type                      Level
   *Flame Tongue                      Conjuration/Fire             1
   *Throw Flame                       Conjuration/Fire             2
   *Conjure Flame                     Conjuration/Fire             3
   Inner Flame                        Hexes/Fire                   3
   Sticky Flame                       Conjuration/Fire             4
   Fireball                           Conjuration/Fire             5


   Skills:
 - Level 2.1 Dodging
 - Level 2.0 Stealth
 + Level 2.7 Spellcasting
 * Level 5.1 Conjurations
 * Level 4.9 Fire Magic


You had 3 spell levels left.
You knew the following spells:

 Your Spells              Type           Power        Failure   Level  Hunger
a - Flame Tongue          Conj/Fire      ###..        2%          1    #......
b - Throw Flame           Conj/Fire      ###...       4%          2    ##.....
c - Conjure Flame         Conj/Fire      ###.....     10%         3    ###....


Dungeon Overview and Level Annotations

Branches:
Dungeon (4/15)
 Temple: D:4-7

Altars:
Fedhas
Trog
Xom


Innate Abilities, Weirdness & Mutations

You can fly.
You have a beak for a mouth.
You have claws for feet.


Message History

The flame hits the orc wizard.
You kill the orc wizard!
Your Conjurations skill increases to level 5!
Casting: Flame Tongue
Confirm with . or Enter, or press ? or * to list all spells.
Aiming: Flame Tongue
Press: ? - help, Shift-Dir - straight line, f - ogre
Aim: an ogre, wielding a giant spiked club The flame hits the ogre.
The ogre is moderately wounded.
Casting: Flame Tongue
Confirm with . or Enter, or press ? or * to list all spells.
Aiming: Flame Tongue
Press: ? - help, Shift-Dir - straight line, f/p - ogre
Aim: an ogre, wielding a giant spiked club (moderately wounded)
The flame hits the ogre.
The ogre is heavily wounded.
The ogre hits you with a giant spiked club!
Ouch! That really hurt!
You die...

#...........#..
#.............#
#...........###
###.#########
#....%#
#########%######
#..............#
###..............##
#.@................
#O#..............#.
#o#>.............#
'.#..............#
.###..............#
.. #..............#
.. #..[...>.......#
. #..............#
#############+##


You could see an ogre and an orc.

Vanquished Creatures
  A giant frog skeleton (D:4)
  A hound (D:4)
  An orc wizard (D:4)
  A worker ant (D:4)
  A gnoll (D:3)
  A shadow imp (D:4)
  A worm (D:2)
  3 giant geckos
  An ooze (D:1)
  2 orcs
  5 bats
  5 goblins
  14 hobgoblins
  7 jackals
  A ball python (D:4)
  A ball python zombie (D:4)
  10 giant newts
  A giant newt zombie (D:4)
  8 kobolds
  2 kobold skeletons (D:4)
  3 quokkas
  6 rats
76 creatures vanquished.

Notes
Turn   | Place    | Note
--------------------------------------------------------------
     0 | D:1      | Kae, the Tengu Fire Elementalist, began the quest for the Orb.
     0 | D:1      | Reached XP level 1. HP: 10/10 MP: 3/3
   284 | D:1      | Reached XP level 2. HP: 15/15 MP: 3/5
  1324 | D:2      | Reached XP level 3. HP: 6/19 MP: 1/7
  2137 | D:2      | Found a shimmering altar of Xom.
  2236 | D:3      | Reached XP level 4. HP: 24/24 MP: 7/9
  2386 | D:3      | Found a blossoming altar of Fedhas.
  2386 | D:3      | Found a bloodstained altar of Trog.
  2440 | D:3      | Reached skill level 4 in Fire Magic
  2838 | D:4      | Learned a level 2 spell: Throw Flame
  2842 | D:4      | Learned a level 3 spell: Conjure Flame
  3062 | D:4      | Reached XP level 5. HP: 26/28 MP: 11/11
  3391 | D:4      | Noticed an ogre
  3395 | D:4      | Reached skill level 5 in Conjurations
  3397 | D:4      | Demolished by an ogre

Action                   |  1- 3 |  4- 6 || total
-------------------------+-------+-------++-------
Melee: Unarmed           |    55 |       ||    55
       Spear             |       |    33 ||    33
 Cast: Flame Tongue      |    57 |    41 ||    98
       Throw Flame       |       |     5 ||     5
  Use: Potion            |     1 |       ||     1
       Scroll            |       |    14 ||    14
 Stab: Sleeping          |     2 |       ||     2
       Petrifying        |       |     1 ||     1
       Paralysed         |       |     1 ||     1
